 Dungeon Crawl Stone Soup version 0.26-b1-32-g5d43845318 (webtiles) character file.

Game seed: 9362907514320635551

193 pokeman the Magician (level 5, 0/29 HPs)
             Began as a Deep Elf Hedge Wizard on Jan 5, 2021.
             Slain by an adder zombie (1 damage)
             ... in an ossuary.
             The game lasted 00:07:25 (4006 turns).

pokeman the Magician (Deep Elf Hedge Wizard)        Turns: 4006, Time: 00:07:26

Health: 0/29       AC:  3    Str:  7    XL:     5   Next: 43%
Magic:  5/15       EV: 12    Int: 20    God:
Gold:   119        SH:  0    Dex: 14    Spells: 5/16 levels left

rFire    . . .     SeeInvis .   a - +1 dagger (elec)
rCold    . . .     Faith    .   (no shield)
rNeg     . . .     Spirit   .   n - +0 leather armour
rPois    .         Reflect  .   c - +0 hat
rElec    .         Harm     .   (no cloak)
rCorr    .         Rampage  .   (no gloves)
Will     .....                  (no boots)
Stlth    +++.......             (no amulet)
HPRegen  0.09/turn              f - ring of stealth
MPRegen  0.14/turn              (no ring)

@: no status effects
A: no striking features
a: no special abilities


You were in an ossuary.
You visited 1 branch of the dungeon, and saw 4 of its levels.
You also visited: Ossuary.

You collected 119 gold pieces.

Inventory:

Hand Weapons
 a - a +1 dagger of electrocution (weapon)
Armour
 c - a +0 hat (worn)
 n - a +0 leather armour (worn)
Jewellery
 f - a ring of stealth (left hand)
Scrolls
 b - a scroll of amnesia {unknown}
 d - 3 scrolls of immolation {unknown}
 i - 5 scrolls of identify {unknown}
 j - 4 scrolls of teleportation {unknown}
 k - a scroll of random uselessness {unknown}
Potions
 e - 2 potions of resistance {unknown}
 g - a potion of ambrosia {unknown}
 h - a potion of attraction {unknown}
 l - a potion of curing {unknown}
 m - a potion of magic {unknown}
 o - a potion of flight {unknown}


   Skills:
 - Level 1.0 Fighting
 - Level 1.0 Armour
 - Level 3.0 Dodging
 - Level 3.0 Stealth
 * Level 6.1 Spellcasting
 + Level 2.5 Conjurations
 - Level 1.1 Summonings
 - Level 2.0 Translocations
 + Level 1.0 Fire Magic
 + Level 0.2 Air Magic


You had 5 spell levels left.
You knew the following spells:

 Your Spells              Type           Power        Failure   Level
a - Magic Dart            Conj           64%          5%          1
b - Mephitic Cloud        Conj/Pois/Air  9%           30%         3
c - Call Imp              Summ           10%          14%         2
d - Blink                 Tloc           N/A          10%         2
e - Conjure Flame         Conj/Fire      13%          22%         3

Your spell library contained the following spells:

 Spells                   Type           Power        Failure   Level
 Slow                     Hex            6%           22%         2


Dungeon Overview and Level Annotations

Branches:
Dungeon (4/15)            Ossuary (1/1)
 Temple: D:4-7

Altars:
Elyvilon
Fedhas
Kikubaaqudgha
Makhleb
Qazlal
Zin

Shops:
D:4 [

Annotations:
D:4 Ijyb


Message History

The hound zombie closely misses you.
Unknown command.
Unknown command.
You barely miss the orc zombie.
The orc zombie is moderately damaged.
The hound zombie closely misses you. The orc zombie barely misses you.
The hound zombie is engulfed in blazing flames.
The hound zombie barely misses you.
The hound zombie bites you but does no damage.
Unknown command.
Unknown command.
The hound zombie is engulfed in blazing flames.
You destroy the hound zombie!
The orc zombie hits you.
* * * LOW HITPOINT WARNING * * *
Your Fire Magic skill increases to level 1!
Unknown command.
The elf zombie is engulfed in blazing flames.
The adder zombie bites you.
You die...

### ####### ....
....... .....
.......
.....#####.......
.......Z.@.......
.......ZZZ.......
......Z○Z......##
...............#
.................
.................
.......∩.........
.......∩.........
................


You could see an adder zombie, a rat zombie, a hound zombie, an orc zombie and 2
elf zombies.

Vanquished Creatures
  A worker ant (D:4)
  2 hound zombies (Ossuary)
  3 adders
  An ooze (D:4)
  A worm (D:3)
  5 dart slugs
  3 leopard geckos
  3 orcs (D:3)
  3 giant cockroaches
  A gnoll zombie (Ossuary)
  10 goblins
  13 hobgoblins
  8 jackals (D:2)
  3 quokkas
  3 bats
  4 frilled lizards
  A hobgoblin zombie (Ossuary)
  A jackal zombie (Ossuary)
  9 kobolds
  A kobold zombie (Ossuary)
  10 rats
86 creatures vanquished.

Notes
Turn   | Place    | Note
-------+----------+-------------------------------------------
     0 | D:1      | pokeman the Deep Elf Hedge Wizard began the quest for the
                  | Orb.
     0 | D:1      | Reached XP level 1. HP: 10/10 MP: 7/7
   164 | D:1      | Reached XP level 2. HP: 16/16 MP: 0/9
   850 | D:1      | Reached XP level 3. HP: 20/20 MP: 7/11
   854 | D:1      | Learned a level 3 spell: Mephitic Cloud
   857 | D:1      | Learned a level 2 spell: Call Imp
   860 | D:1      | Learned a level 2 spell: Blink
   864 | D:1      | Learned a level 3 spell: Conjure Flame
  1102 | D:2      | Found an ancient bone altar of Kikubaaqudgha.
  1117 | D:2      | Reached skill level 5 in Spellcasting
  1306 | D:2      | Found a blossoming altar of Fedhas.
  1732 | D:2      | Found a stormy altar of Qazlal.
  1913 | D:2      | Found a burning altar of Makhleb.
  2123 | D:2      | Reached XP level 4. HP: 19/24 MP: 7/13
  2639 | D:3      | Found a glowing silver altar of Zin.
  2660 | D:3      | Found a white marble altar of Elyvilon.
  2665 | D:3      | Reached skill level 1 in Fighting
  2981 | D:3      | Reached skill level 1 in Armour
  3464 | D:3      | Found a faded altar of an unknown god.
  3856 | D:4      | Noticed Ijyb
  3898 | D:4      | Reached XP level 5. HP: 17/29 MP: 9/15
  3902 | D:4      | Reached skill level 6 in Spellcasting
  3971 | D:4      | Found Jueweikk's Armour Emporium.
  3974 | D:4      | Found a sand-covered staircase.
  3992 | Ossuary  | Entered an ossuary
  3998 | Ossuary  | HP: 1/29 [hound zombie (3)]
  4005 | Ossuary  | HP: 1/29 [orc zombie (1)]
  4006 | Ossuary  | Reached skill level 1 in Fire Magic
  4006 | Ossuary  | Slain by an adder zombie

Illustrated notes

Levels and vault maps discovered:
D:1:      saegor_arrival_simple_d, layout_loops_ring
D:2:      minmay_general_purpose_star, layout_loops_corners, lemuel_round_altar,
          grunt_temple_overflow_forces_of_nature, bloody_makhleb
D:3:      layout_basic, grunt_temple_overflow_open,
          chequers_ecumenical_altar_simple
D:4:      layout_loops_ring, nicolae_dithmenos_the_darkroom, enter_ossuary_3,
          serial_shops, nicolae_shop_overgrown_old_shop, nicolae_shop_crystal,
          shop, uniq_ijyb, uniq_menkaure, uniq_sigmund, uniq_natasha
Ossuary:  ossuary_minmay_tomb_2a

Skill      XL: |  1  2  3  4  5 |
---------------+----------------+-----
Spellcasting   | 5 6 |  6.1
Stealth        | 3 |  3.0
Translocations | 2 |  2.0
Fighting       | 1 |  1.0
Conjurations   | 2 |  2.5
Armour         | 1 |  1.0
Dodging        | 3 |  3.0
Fire Magic     | 1 |  1.0
Summonings     | |  1.1
Air Magic      | |  0.2

Action                   |  1- 3 |  4- 6 || total
-------------------------+-------+-------++-------
Melee: Dagger            |    16 |    26 ||    42
 Cast: Magic Dart        |   117 |    86 ||   203
       Mephitic Cloud    |       |     1 ||     1
       Conjure Flame     |       |     3 ||     3
       Blink             |       |     1 ||     1
       Call Imp          |       |     1 ||     1
 Stab: Confused          |       |     2 ||     2
Armor: Robe              |     4 |       ||     4
       Leather armour    |       |     4 ||     4
Dodge: Dodged            |    38 |    33 ||    71
